Workbook

Sheet CFS_5yr
A1: Marriott International, Inc. – Consolidated Statements of Cash Flows (2021–2025)
A2: Item | B2: 2021 | C2: 2022 | D2: 2023 | E2: 2024 | F2: 2025
A3: Cash flows from operating activities
A4: Net income | B4: 1099 | C4: 2358 | D4: 3083 | E4: 2375 | F4: 2601
A5: Depreciation and amortization | B5: 295 | C5: 282 | D5: 277 | E5: 492 | F5: 599
A6: Deferred income taxes | B6: -281 | C6: 280 | D6: -612 | E6: -172 | F6: -277
A7: Other non‑cash items | B7: 1053 | C7: 2343 | D7: 3436 | E7: 2511 | F7: 3037
A8: Changes in working capital and other | B8: 110 | C8: -542 | D8: 69 | E8: -82 | F8: -147
A9: Net cash provided by operating activities | B9: 1177 | C9: 2363 | D9: 3170 | E9: 2749 | F9: 3212
A11: Cash flows from investing activities
A12: Capital expenditures | B12: -183 | C12: -332 | D12: -452 | E12: -750 | F12: -604
A13: Acquisitions and other investing activities | B13: -4 | C13: 35 | D13: -13 | E13: 16 | F13: -344
A14: Net cash used in investing activities | B14: -187 | C14: -297 | D14: -465 | E14: -734 | F14: -948
A16: Cash flows from financing activities
A17: Issuance of common stock | B17: 2 | C17: — | D17: 29 | E17: 73 | F17: 92
A18: Repurchase of common stock | B18: — | C18: -2566 | D18: -3953 | E18: -3762 | F18: -3300
A19: Proceeds from debt issuance | B19: — | C19: 983 | D19: 1918 | E19: 2948 | F19: 3436
A20: Repayment of debt | B20: -2174 | C20: -804 | D20: -684 | E20: -558 | F20: -1309
A21: Dividends paid | B21: — | C21: -321 | D21: -587 | E21: -682 | F21: -718
A22: Other financing activities | B22: -234 | C22: -72 | D22: -133 | E22: -138 | F22: -116
A23: Net cash used in financing activities | B23: -463 | C23: -2962 | D23: -2864 | E23: -1956 | F23: -2318
A25: Net change in cash and cash equivalents | B25: 527 | C25: -896 | D25: -159 | E25: 59 | F25: -54
A26: Cash and cash equivalents at beginning of year | B26: 894 | C26: 1421 | D26: 525 | E26: 366 | F26: 425
A27: Cash and cash equivalents at end of year | B27: 1421 | C27: 525 | D27: 366 | E27: 425 | F27: 371
A29: Supplemental data: Free cash flow
A30: Net cash provided by operating activities | B30: 1177 | C30: 2363 | D30: 3170 | E30: 2749 | F30: 3212
A31: Less: Capital expenditures | B31: -183 | C31: -332 | D31: -452 | E31: -750 | F31: -604
A32: Free cash flow | B32: 994 | C32: 2031 | D32: 2718 | E32: 1999 | F32: 2608

Sheet IS_BS_Data
A1: Marriott International, Inc. – Income Statement & Balance Sheet Data (FY2021–FY2025)
A2: ($ in millions, fiscal year ended December 31)
A4: Item | B4: 2021 | C4: 2022 | D4: 2023 | E4: 2024 | F4: 2025
A5: Income Statement
A6: Total revenue | B6: 13857 | C6: 20773 | D6: 23713 | E6: 25100 | F6: 26186
A7: Cost of revenue | B7: 11056 | C7: 16215 | D7: 18733 | E7: 20128 | F7: 20964
A8: Gross profit | B8: =B6-B7 -> 2801 | C8: =C6-C7 -> 4558 | D8: =D6-D7 -> 4980 | E8: =E6-E7 -> 4972 | F8: =F6-F7 -> 5222
A9: Operating income (EBIT) | B9: 1750 | C9: 3462 | D9: 3864 | E9: 3767 | F9: 4141
A10: Interest expense | B10: 420 | C10: 403 | D10: 565 | E10: 695 | F10: 809
A11: Net income | B11: 1099 | C11: 2358 | D11: 3083 | E11: 2375 | F11: 2601
A13: Balance Sheet
A14: Cash and cash equivalents | B14: 1393 | C14: 507 | D14: 338 | E14: 396 | F14: 358
A15: Total current assets | B15: 3626 | C15: 3313 | D15: 3311 | E15: 3485 | F15: 3584
A16: Inventory | B16: 0 | C16: 0 | D16: 0 | E16: 0 | F16: 0
A17: Net property & equipment (fixed assets) | B17: 2565 | C17: 2572 | D17: 2510 | E17: 2678 | F17: 2895
A18: Total assets | B18: 25553 | C18: 24815 | D18: 25674 | E18: 26182 | F18: 27540
A19: Total current liabilities | B19: 6407 | C19: 7339 | D19: 7762 | E19: 8649 | F19: 8398
A20: Total debt (short + long-term) | B20: 11236 | C20: 11098 | D20: 12760 | E20: 15241 | F20: 17083
A21: Total stockholders' equity (deficit) | B21: 1414 | C21: 568 | D21: -682 | E21: -2992 | F21: -3771
A23: Sources: Marriott International, Inc. Form 10-K filings (FY2021, FY2022, FY2023, FY2024, FY2025), SEC EDGAR (CIK 0001048286); and Marriott consolidated income statement / balance sheet data as compiled by StockAnalysis.com (data source: Fiscal.ai), cross-checked against the FY2025 10-K balance sheet (filed 2026-02-10). Inventory is not a reported line item for Marriott (asset-light hospitality/franchise model) and is shown as $0 for quick-ratio purposes.

Sheet Ratio_Analysis
A1: Marriott International, Inc. – Key Financial Ratios (FY2021–FY2025)
A2: All ratios computed via formula from the IS_BS_Data sheet. Percentages shown as %, coverage/turnover as x.
A4: Ratio | B4: 2021 | C4: 2022 | D4: 2023 | E4: 2024 | F4: 2025
A5: Profitability
A6: Gross margin (Gross profit / Revenue) | B6: =IS_BS_Data!B8/IS_BS_Data!B6 -> 0.2021361 | C6: =IS_BS_Data!C8/IS_BS_Data!C6 -> 0.21941944 | D6: =IS_BS_Data!D8/IS_BS_Data!D6 -> 0.21001139 | E6: =IS_BS_Data!E8/IS_BS_Data!E6 -> 0.19808765 | F6: =IS_BS_Data!F8/IS_BS_Data!F6 -> 0.19941954
A7: Operating margin (EBIT / Revenue) | B7: =IS_BS_Data!B9/IS_BS_Data!B6 -> 0.12628996 | C7: =IS_BS_Data!C9/IS_BS_Data!C6 -> 0.16665864 | D7: =IS_BS_Data!D9/IS_BS_Data!D6 -> 0.16294859 | E7: =IS_BS_Data!E9/IS_BS_Data!E6 -> 0.15007968 | F7: =IS_BS_Data!F9/IS_BS_Data!F6 -> 0.15813794
A8: Net margin (Net income / Revenue) | B8: =IS_BS_Data!B11/IS_BS_Data!B6 -> 0.079310096 | C8: =IS_BS_Data!C11/IS_BS_Data!C6 -> 0.11351273 | D8: =IS_BS_Data!D11/IS_BS_Data!D6 -> 0.13001307 | E8: =IS_BS_Data!E11/IS_BS_Data!E6 -> 0.094621514 | F8: =IS_BS_Data!F11/IS_BS_Data!F6 -> 0.099327885
A10: Liquidity
A11: Current ratio (Current assets / Current liabilities) | B11: =IS_BS_Data!B15/IS_BS_Data!B19 -> 0.5659435 | C11: =IS_BS_Data!C15/IS_BS_Data!C19 -> 0.4514239 | D11: =IS_BS_Data!D15/IS_BS_Data!D19 -> 0.42656532 | E11: =IS_BS_Data!E15/IS_BS_Data!E19 -> 0.40293676 | F11: =IS_BS_Data!F15/IS_BS_Data!F19 -> 0.42676828
A12: Quick ratio ((Current assets - Inventory) / Current liabilities) | B12: =(IS_BS_Data!B15-IS_BS_Data!B16)/IS_BS_Data!B19 -> 0.5659435 | C12: =(IS_BS_Data!C15-IS_BS_Data!C16)/IS_BS_Data!C19 -> 0.4514239 | D12: =(IS_BS_Data!D15-IS_BS_Data!D16)/IS_BS_Data!D19 -> 0.42656532 | E12: =(IS_BS_Data!E15-IS_BS_Data!E16)/IS_BS_Data!E19 -> 0.40293676 | F12: =(IS_BS_Data!F15-IS_BS_Data!F16)/IS_BS_Data!F19 -> 0.42676828
A13: Cash ratio (Cash / Current liabilities) | B13: =IS_BS_Data!B14/IS_BS_Data!B19 -> 0.21741845 | C13: =IS_BS_Data!C14/IS_BS_Data!C19 -> 0.069082981 | D13: =IS_BS_Data!D14/IS_BS_Data!D19 -> 0.043545478 | E13: =IS_BS_Data!E14/IS_BS_Data!E19 -> 0.04578564 | F13: =IS_BS_Data!F14/IS_BS_Data!F19 -> 0.042629197
A15: Efficiency
A16: Asset turnover (Revenue / Total assets) | B16: =IS_BS_Data!B6/IS_BS_Data!B18 -> 0.54228466 | C16: =IS_BS_Data!C6/IS_BS_Data!C18 -> 0.83711465 | D16: =IS_BS_Data!D6/IS_BS_Data!D18 -> 0.92361923 | E16: =IS_BS_Data!E6/IS_BS_Data!E18 -> 0.9586739 | F16: =IS_BS_Data!F6/IS_BS_Data!F18 -> 0.95083515
A17: Fixed asset turnover (Revenue / Net PP&E) | B17: =IS_BS_Data!B6/IS_BS_Data!B17 -> 5.4023392 | C17: =IS_BS_Data!C6/IS_BS_Data!C17 -> 8.0765941 | D17: =IS_BS_Data!D6/IS_BS_Data!D17 -> 9.4474104 | E17: =IS_BS_Data!E6/IS_BS_Data!E17 -> 9.3726662 | F17: =IS_BS_Data!F6/IS_BS_Data!F17 -> 9.0452504
A19: Leverage
A20: Interest coverage ratio (EBIT / Interest expense) | B20: =IS_BS_Data!B9/IS_BS_Data!B10 -> 4.1666667 | C20: =IS_BS_Data!C9/IS_BS_Data!C10 -> 8.5905707 | D20: =IS_BS_Data!D9/IS_BS_Data!D10 -> 6.8389381 | E20: =IS_BS_Data!E9/IS_BS_Data!E10 -> 5.4201439 | F20: =IS_BS_Data!F9/IS_BS_Data!F10 -> 5.118665
A21: Debt / Equity (Total debt / Total equity) | B21: =IS_BS_Data!B20/IS_BS_Data!B21 -> 7.9462518 | C21: =IS_BS_Data!C20/IS_BS_Data!C21 -> 19.538732 | D21: =IS_BS_Data!D20/IS_BS_Data!D21 -> -18.709677 | E21: =IS_BS_Data!E20/IS_BS_Data!E21 -> -5.0939171 | F21: =IS_BS_Data!F20/IS_BS_Data!F21 -> -4.5300981
A23: Note: Marriott reports negative stockholders’ equity in FY2023–FY2025 (driven by large share-repurchase activity funded partly with debt). Debt/Equity in those years is not economically meaningful in the traditional sense (a negative ratio does not indicate low leverage) — see commentary. Marriott carries no inventory line, so quick ratio equals current ratio here.
